 Dungeon Crawl Stone Soup version 0.28-a0-529-g3bad584f25 (webtiles) character file.

Game seed: 7885551311037916974

144 demibob the Poker (level 5, 37/38 HPs)
             Began as a Demonspawn Gladiator on Sept 25, 2021.
             Was a Follower of Dithmenos.
             Quit the game on level 4 of the Dungeon.
             The game lasted 00:03:48 (2682 turns).

demibob the Poker (Demonspawn Gladiator)            Turns: 2682, Time: 00:03:49

Health: 37/38      AC:  7    Str: 15    XL:     5   Next: 5%
Magic:  5/5        EV: 12    Int:  9    God:    Dithmenos [*.....]
Gold:   12         SH:  4    Dex: 15    Spells: 4/4 levels left

rFire   . . .      SeeInvis +   a - +1 trident
rCold   . . .      Faith    .   (no shield)
rNeg    . . .      Spirit   .   b - +0 leather armour
rPois   +          Reflect  .   c - +1 helmet
rElec   .          Harm     .   (no cloak)
rCorr   .          Rampage  .   (no gloves)
Will    .....                   (no boots)
Stlth   +.........              m - amulet of magic regeneration
HPRegen 0.12/turn               v - ring of see invisible
MPRegen 0.34/turn               P - ring of poison resistance

@: wreathed by umbra
A: talons 1, thin metallic scales 1, condensation shield
a: Renounce Religion


You were on level 4 of the Dungeon.
You worshipped Dithmenos.
Dithmenos was aware of your devotion.
You visited 1 branch of the dungeon, and saw 4 of its levels.

You collected 142 gold pieces.
You spent 130 gold pieces at shops.


Innate Abilities, Weirdness & Mutations

You have sharp toenails.
You are partially covered in thin metallic scales. (AC +2)
A meltable shield of frost defends you. (SH +4)


   Skills:
 - Level 2.0 Fighting
 + Level 5.3 Polearms
 - Level 1.7 Throwing
 - Level 2.6 Dodging


You had 4 spell levels left.
You didn't know any spells.
Your spell library was empty.

Inventory:

Hand Weapons
 a - a +1 trident (weapon)
Missiles
 d - 3 throwing nets (quivered) {=f}
Armour
 b - a +0 leather armour (worn)
 c - a +1 helmet (worn)
Jewellery
 m - an amulet of magic regeneration (around neck)
 v - a ring of see invisible (left hand)
 P - a ring of poison resistance (right hand)
Scrolls
 e - a scroll of identify {@r1}
 h - a scroll of enchant armour
Potions
 f - a potion of mutation {unknown}
 g - a potion of resistance
 i - 3 potions of might
 j - 2 potions of heal wounds {@q2}
 l - a potion of attraction
 o - 2 potions of haste {@q3}

Dungeon Overview and Level Annotations

Branches:
Dungeon (4/15)
 Temple: D:4-7

Altars:
Dithmenos

Shops:
D:2 = D:3

* ### . ##.# #...#######
##.#. #...!..@..# ##.###
#...#####.# ##.## # #
######†#### #.##
#####.........# ##.## #
#.....<.......#######.###
.....#..####.............#.
.## #..# #......######..#
#..# #......## #..# #..#
#.......#####..#


There were no monsters in sight!


Message History

No target in view!
No target in view!
No target in view!
No target in view!
No target in view!
No target in view!
No target in view!
You see here a hobgoblin corpse.
Found a glowing purple potion.
A scorpion comes into view.
A scorpion is nearby!
A scorpion is nearby!
A scorpion is nearby!
You puncture the scorpion! You claw the scorpion.
The scorpion is severely wounded.
The scorpion misses you.
You closely miss the scorpion. Your kick misses the scorpion.
The scorpion is severely wounded.
The scorpion stings you. The scorpion closely misses you.
You barely miss the scorpion. Your kick misses the scorpion.
The scorpion is severely wounded.
The scorpion barely misses you.
You puncture the scorpion!
You kill the scorpion!
Dithmenos accepts your kill.
Your Polearms skill increases to level 5!
You have reached level 5!
Your demonic ancestry asserts itself...
Frost condenses into a shield before you.
Are you sure you want to abandon this character and quit the game? (Confirm with "yes".)

Skill      XL: |  1  2  3  4 |
---------------+-------------+-----
Polearms       | 3 4 5 |  5.3
Fighting       | |  2.0
Throwing       | |  1.7
Dodging        | |  2.6

Action                   |  1- 3 |  4- 6 || total
-------------------------+-------+-------++-------
Melee: Trident           |   135 |    19 ||   154
       Kick              |    24 |     1 ||    25
  Use: Scroll            |       |     8 ||     8
 Stab: Sleeping          |     1 |     2 ||     3
Armor: Leather armour    |    36 |     2 ||    38
Dodge: Dodged            |    89 |    12 ||   101

Levels and vault maps discovered:
D:1:      dpeg_arrival_round_a, layout_rooms,
          dreamdust_ecumenical_altar_angels_and_demons
D:2:      layout_rooms, serial_shops, shop
D:3:      layout_loops_ring, serial_shops, shop, serial_park_tiny_pond,
          minivault_26
D:4:      minmay_opposing_rooms, layout_loops_ring

Notes
Turn   | Place    | Note
-------+----------+-------------------------------------------
     0 | D:1      | demibob the Demonspawn Gladiator began the quest for the
                  | Orb.
     0 | D:1      | Reached XP level 1. HP: 16/16 MP: 1/1
   105 | D:1      | Reached skill level 3 in Polearms
   114 | D:1      | Gained mutation: You have sharp toenails. [demonic
                  | ancestry]
   114 | D:1      | Reached XP level 2. HP: 22/22 MP: 2/2
   704 | D:1      | Reached XP level 3. HP: 19/27 MP: 3/3
   806 | D:1      | Found a faded altar of an unknown god.
   813 | D:1      | Became a worshipper of Dithmenos the Shadowed
   813 | D:1      | Reached * piety under Dithmenos
   975 | D:2      | Reached skill level 4 in Polearms
  1335 | D:2      | Found Zyor's Jewellery Emporium.
  1971 | D:3      | Gained mutation: You are partially covered in thin metallic
                  | scales. (AC +2) [demonic ancestry]
  1971 | D:3      | Reached XP level 4. HP: 32/33 MP: 4/4
  2279 | D:3      | Found Hakulul's General Store.
  2285 | D:3      | Bought a potion of haste for 130 gold pieces
  2285 | D:3      | Identified a potion of resistance
  2675 | D:4      | Noticed a scorpion
  2681 | D:4      | Killed a scorpion
  2682 | D:4      | Reached skill level 5 in Polearms
  2682 | D:4      | Gained mutation: A meltable shield of frost defends you.
                  | (SH +4) [demonic ancestry]
  2682 | D:4      | Reached XP level 5. HP: 37/38 MP: 5/5
  2682 | D:4      | Quit the game

Vanquished Creatures
  A scorpion (D:4)
  2 adders
  An adder skeleton (D:4)
  A worm (D:2)
  A dart slug (D:1)
  An orc (D:3)
  4 endoplasms
  A giant cockroach (D:2)
  7 goblins
  7 hobgoblins
  2 jackals (D:1)
  3 quokkas
  8 ball pythons
  7 bats
  3 frilled lizards
  2 kobolds
  2 rats (D:1)
53 creatures vanquished.

Table legend: (Time is in decaauts)
 A = Elapsed time spent in this place.
 B = Non-inter-level travel time spent in this place.
 C = Inter-level travel time spent in this place.
 D = Time resting spent in this place.
 E = Time spent auto-exploring this place.
 F = Levels seen in this place.
 G = Mean time per level.
                   A        B        C        D        E       F      G
               +--------+--------+--------+--------+--------+-----+--------+
         Total |   2696 |   2633 |     63 |    458 |   1793 |   4 |  674.0 |
       Dungeon |   2696 |   2633 |     63 |    458 |   1793 |   4 |  674.0 |
               +--------+--------+--------+--------+--------+-----+--------+

Top non-repeatable levels by time:
     D:1: 962 daAuts
     D:3: 817 daAuts
     D:2: 797 daAuts
     D:4: 118 daAuts

Table legend:
 A = Non-vault XP
 B = Vault XP
 C = Vault XP percentage of total XP
 D = Non-vault monster count
 E = Vault monster count
 F = Vault count percentage of total count
                 A         B        C        D         E       F
            +---------+---------+-------+---------+---------+-------
      Total |     206 |       0 |   0.0 |      53 |       0 |   0.0
            +---------+---------+-------+---------+---------+-------
        D:1 |      44 |       0 |   0.0 |      24 |       0 |   0.0
        D:2 |      43 |       0 |   0.0 |      18 |       0 |   0.0
        D:3 |      24 |       0 |   0.0 |       7 |       0 |   0.0
        D:4 |      95 |       0 |   0.0 |       4 |       0 |   0.0
            +---------+---------+-------+---------+---------+-------
